[Event "Late-Titled-Tuesday-Blitz-September-12-2023"]
[Site "Chess.com"]
[Date "2023.09.12"]
[Round "7"]
[White "Jenia84"]
[Black "dennisodessa"]
[Result "1-0"]
[WhiteElo "2389"]
[BlackElo "2515"]
[TimeControl "180+1"]
[EndTime "15:14:04 PDT"]
[Termination "Jenia84 won by resignation"]

1. e4 e6 2. d4 d5 3. exd5 exd5 4. Nf3 Bd6 5. Bd3 Ne7 6. Bg5 O-O 7. O-O f6 8. Bd2 Bf5 9. Nc3 Bxd3 10. cxd3 c6 11. Qe2 Na6 12. Rfe1 Ng6 13. Qe6+ Kh8 14. h4 Nf4 15. Qf5 Qc8 16. Qxc8 Raxc8 17. Bxf4 Bxf4 18. Re7 Nc7 19. g3 Bd6 20. Re2 h5 21. Rc1 Rce8 22. Kf1 Kh7 23. Na4 Rxe2 24. Kxe2 Re8+ 25. Kf1 Na6 26.
a3 Kg6 27. Nc5 Nxc5 28. dxc5 Bc7 29. b4 a5 30. Re1 Rxe1+ 31. Kxe1 axb4 32. axb4 Kf5 33. Ke2 Kg4 34. Nd4 g5 35. Ne6 Be5 36. d4 Kf5 37.
Nd8 Bxd4 38. Nxb7 Bc3 39. Nd6+ Kg4 40. b5 cxb5 41. c6 Ba5 42. Nxb5 gxh4 43. gxh4 Kxh4 44. Kf3 d4 45. Nxd4 Kg5 46. Ne6+ Kf5 47. c7 Bxc7 48.
Nxc7 h4 49. Nd5 Ke5 50. Ne3 f5 51. Nf1 f4 52. Nh2 Kf5 53. Ng4 h3 54. Nh2 Kg5 55. Ke4 Kh4 56. Kxf4 1-0

[Event "Late-Titled-Tuesday-Blitz-September-12-2023"]
[Site "Chess.com"]
[Date "2023.09.12"]
[Round "7"]
[White "Mikasinski"]
[Black "BillieKimbah"]
[Result "0-1"]
[WhiteElo "2671"]
[BlackElo "3015"]
[TimeControl "180+1"]
[EndTime "15:14:07 PDT"]
[Termination "BillieKimbah won by resignation"]

1. e4 c5 2. Nf3 e6 3. d4 cxd4 4. Nxd4 Nc6 5. Be2 Qc7 6. O-O Nf6 7. Nc3 a6 8. Be3 Be7 9. f4 d6 10. Kh1 Nxd4 11. Bxd4 O-O 12. Qe1 Nd7 13. Rd1 b5 14. a3 Bb7 15. Bf3 Rad8 16. Qf2 Bf6 17. Rfe1 h6 18. Rd2 Bxd4 19. Qxd4 Nf6 20. Red1 e5 21.
Qe3 Rfe8 22. fxe5 dxe5 23. Kg1 Rxd2 24. Rxd2 Rc8 25. Kf2 Qc4 26. h3 a5 27. Be2 Nxe4+ 28.
Ke1 Qc5 29. Qxc5 Rxc5 30. Rd8+ Kh7 31. Nxe4 Bxe4 32. c3 Bxg2 33. h4 g5 34. hxg5 hxg5 35. Rb8 f5 36. Bxb5 g4 37. b4 axb4 38. cxb4 Rc1+ 39.
Kd2 Ra1 40. a4 f4 41. Re8 e4 42. a5 e3+ 43. Kc2 g3 44. Kb2 Rd1 45. Rf8 f3 46. a6 e2 47. Re8 e1=Q 48. Rxe1 Rxe1 49. Bc6 Re7 50. Bb7 Bh3 51. a7 Re8 52. Bxf3 g2 53.
Be4+ Kg7 0-1

[Event "Late-Titled-Tuesday-Blitz-September-12-2023"]
[Site "Chess.com"]
[Date "2023.09.12"]
[Round "7"]
[White "PepeCuenca"]
[Black "jaldjald"]
[Result "1-0"]
[WhiteElo "2729"]
[BlackElo "2367"]
[TimeControl "180+1"]
[EndTime "15:14:10 PDT"]
[Termination "PepeCuenca won on time"]

1. c4 e6 2. Nf3 d5 3. d4 c5 4.
cxd5 exd5 5. Nc3 Nc6 6. g3 Nf6 7. Bg2 cxd4 8. Nxd4 Bc5 9. Nxc6 bxc6 10. O-O O-O 11.
Qc2 Bb6 12. Na4 Ba6 13. Nxb6 Qxb6 14. Rd1 Rfe8 15. e3 h5 16. b3 Ne4 17. Bb2 h4 18.
Rac1 Rac8 19. gxh4 Qd8 20. f3 Nd6 21. Qc3 Nf5 22.
e4 d4 23. Qe1 c5 24. b4 Nxh4 25. Rxc5 Rxc5 26. bxc5 d3 27. Qg3 g6 28. c6 Qb6+ 29.
Qf2 Qxf2+ 30. Kxf2 Nxg2 31. Kxg2 Rc8 32. Rc1 d2 33. Rd1 Rxc6 34. Rxd2 Rc8 35. Bf6 Bc4 36.
Kg3 Be6 37. Kf4 Kf8 38. h4 Ke8 39. a3 a6 40. Rb2 Kd7 41. Rb7+ Rc7 42. Rb8 Rc8 43.
Rb2 Kc6 44. Ke5 1-0

[Event "Late-Titled-Tuesday-Blitz-September-12-2023"]
[Site "Chess.com"]
[Date "2023.09.12"]
[Round "7"]
[White "Sacbutt"]
[Black "kai_nov"]
[Result "1-0"]
[WhiteElo "2365"]
[BlackElo "2239"]
[TimeControl "180+1"]
[EndTime "15:14:10 PDT"]
[Termination "Sacbutt won on time"]

1. d4 d5 2. c4 e6 3. Nc3 c6 4. Nf3 dxc4 5. a4 Bb4 6. e3 b5 7. Bd2 a5 8. axb5 Bxc3 9. Bxc3 cxb5 10. b3 Bb7 11. bxc4 b4 12. Bb2 Nf6 13. Bd3 Nbd7 14.
O-O Qc7 15. Re1 O-O 16. e4 e5 17. Nxe5 Nxe5 18. dxe5 Nd7 19. e6 Nc5 20. exf7+ Qxf7 21. Bd4 Nxd3 22. Qxd3 a4 23. Bc5 Rfd8 24. Qe2 b3 25. Ba3 Ba6 26. Rac1 Rac8 27. e5 Bxc4 28. e6 Bxe6 29. Qa6 Rxc1 30. Bxc1 Bd7 31. Bb2 Re8 32. Rd1 h6 33. Qa7 Bb5 34. Qxf7+ Kxf7 35. Ba3 Re2 36. Ra1 Rc2 37. Rc1 Ra2 38. Bb4 b2 39. Rc7+ Kg6 40. Rc6+ 1-0

[Event "Late-Titled-Tuesday-Blitz-September-12-2023"]
[Site "Chess.com"]
[Date "2023.09.12"]
[Round "7"]
[White "GMKrikor"]
[Black "azikom"]
[Result "1-0"]
[WhiteElo "2873"]
[BlackElo "2656"]
[TimeControl "180+1"]
[EndTime "15:14:11 PDT"]
[Termination "GMKrikor won on time"]

1. Nf3 Nf6 2. c4 e6 3. Nc3 d5 4. cxd5 exd5 5. d4 c6 6. Bf4 Bf5 7. e3 Nbd7 8. h3 Qb6 9. Bd3 Qxb2 10. Bxf5 Qxc3+ 11. Kf1 Be7 12. g4 Nb6 13. Kg2 O-O 14.
Qb1 g6 15. Bd3 Qb4 16. Qc2 Qa4 17. Rhb1 Qxc2 18. Bxc2 Ne8 19. a4 Nd6 20. Bxd6 Bxd6 21. a5 Nc4 22. Rxb7 Rfb8 23. a6 c5 24. Bb3 Nb6 25.
dxc5 Bxc5 26. Rc1 Bd6 27. Rc6 Bf8 28. Rcc7 Rxb7 29. Rxb7 Bc5 30. Ne5 Nc4 31. Bxc4 dxc4 32. Nxc4 Rc8 33. Ne5 f5 34. gxf5 gxf5 35. Nd7 f4 36.
Nxc5 Rxc5 37. exf4 Ra5 38. Rxa7 Ra3 39. f5 h5 40. f6 h4 41. Rg7+ Kf8 42. a7 1-0

[Event "Late-Titled-Tuesday-Blitz-September-12-2023"]
[Site "Chess.com"]
[Date "2023.09.12"]
[Round "7"]
[White "DeTimmerman"]
[Black "S-Fazulyanov"]
[Result "1-0"]
[WhiteElo "2639"]
[BlackElo "2473"]
[TimeControl "180+1"]
[EndTime "15:14:11 PDT"]
[Termination "DeTimmerman won on time"]

1. e4 c5 2. Nf3 Nc6 3. d4 cxd4 4.
Nxd4 Nf6 5. Nc3 e6 6. Ndb5 Bb4 7. a3 Bxc3+ 8. Nxc3 d5 9. exd5 exd5 10. Bd3 O-O 11. O-O d4 12. Ne2 Bg4 13. f3 Bh5 14. Bg5 Qd6 15. Qd2 Rfe8 16. Rae1 Bg6 17. Nf4 Bxd3 18. Nxd3 Nd5 19. Rxe8+ Rxe8 20. Re1 Rxe1+ 21. Qxe1 h6 22. Qe8+ Qf8 23. Qe4 Qd6 24. Bd2 Nf6 25. Qf5 Qd7 26. Qb5 b6 27. a4 Qd5 28. Qa6 Qe6 29.
Kf2 Nd5 30. Qb7 Ne3 31. a5 bxa5 32. Nc5 Qd5 33. Qc8+ Kh7 34. Nd7 Ne7 35. Qe8 Qe6 36. Nf8+ Kg8 37. Nxe6+ Kh7 38. Nf8+ Kg8 39. Qxe7 1-0

[Event "Late-Titled-Tuesday-Blitz-September-12-2023"]
[Site "Chess.com"]
[Date "2023.09.12"]
[Round "7"]
[White "nevermind242"]
[Black "GianmarcoVaR"]
[Result "0-1"]
[WhiteElo "2363"]
[BlackElo "2632"]
[TimeControl "180+1"]
[EndTime "15:14:12 PDT"]
[Termination "GianmarcoVaR won by checkmate"]

1. Nf3 Nf6 2. g3 d5 3. Bg2 c6 4. c4 dxc4 5. O-O g6 6. Na3 Bg7 7. Nxc4 O-O 8. d3 Nbd7 9. Qc2 Nb6 10. e4 Be6 11. Rd1 Nxc4 12. dxc4 Qc8 13. Rb1 Nxe4 14. Qxe4 Bf5 15. Qh4 Bxb1 16. Bh6 g5 17. Qxg5 Bg6 18.
Bxg7 Kxg7 19. Qxe7 Re8 20. Qg5 Qf5 21. Qc1 Rad8 22.
Rf1 Qf6 23. Nh4 Re7 24. f4 Bd3 25. Rd1 Red7 26. Nf3 Be4 27. Rxd7 Rxd7 28. Ne5 Rd4 29. Qe3 Rd1+ 30. Kf2 Bxg2 31. Kxg2 Qf5 32. Qc3 Kg8 33. Nf3 Rd3 34. Qe1 Qe6 35. Qf1 Qe4 36. Qf2 Re3 37.
Kh3 Rxf3 38. Qd2 Rd3 39. Qf2 Rd6 40. g4 Rh6+ 41. Kg3 Rd6 42. Qc5 Rd3+ 43. Kh4 Qxf4 44. Qh5 h6 45. Qc5 Qxh2# 0-1

[Event "Late-Titled-Tuesday-Blitz-September-12-2023"]
[Site "Chess.com"]
[Date "2023.09.12"]
[Round "7"]
[White "artin10862"]
[Black "Njal28"]
[Result "1-0"]
[WhiteElo "2969"]
[BlackElo "3103"]
[TimeControl "180+1"]
[EndTime "15:14:14 PDT"]
[Termination "artin10862 won on time"]

1. Nf3 d5 2. d4 Nf6 3. c4 e6 4. Nc3 Nbd7 5. cxd5 exd5 6. Bg5 Bb4 7.
Nd2 c6 8. e3 Nf8 9. Bd3 Ng6 10.
O-O O-O 11. Qf3 Be7 12. Bf5 h6 13. Bxf6 Bxf6 14. Bxc8 Qxc8 15. Rac1 Qe6 16. b4 Nh4 17. Qe2 Rfe8 18. Rfe1 Nf5 19. Nb3 b5 20. a4 a6 21. Nc5 Qe7 22. Qd2 Nd6 23. g3 Nc4 24. Qd3 Qd6 25. Kg2 Re7 26. e4 dxe4 27. N3xe4 Qd5 28.
Qf3 Bxd4 29. Rcd1 Rae8 30. Nf6+ gxf6 31. Qxd5 cxd5 32. Rxe7 Rxe7 33. Rxd4 bxa4 34. Nxa4 Rb7 35. Nc5 Rxb4 36. Nxa6 Rb2 37. Nc7 Ne3+ 38. Kf3 Nf5 39.
Rxd5 Ne7 40. Rd8+ Kg7 41. Ne8+ Kg6 42. Nd6 Rb3+ 43. Kg2 Kg7 44. Ne8+ Kg6 45. Rd6 Ng8 46. Nc7 1-0

[Event "Late-Titled-Tuesday-Blitz-September-12-2023"]
[Site "Chess.com"]
[Date "2023.09.12"]
[Round "7"]
[White "Djager97"]
[Black "Dr_crypt"]
[Result "1-0"]
[WhiteElo "2538"]
[BlackElo "2420"]
[TimeControl "180+1"]
[EndTime "15:14:15 PDT"]
[Termination "Djager97 won on time"]

1. e4 d5 2. exd5 Qxd5 3. Nc3 Qd6 4. d4 c6 5. Nf3 Nf6 6. g3 Bg4 7. Bg2 Nbd7 8. O-O e6 9. Bf4 Qb4 10. a3 Qxb2 11. Qd2 Bf5 12. Ra2 Qb6 13. Rb1 Qa6 14. Bf1 Qa5 15. Rxb7 Be7 16. Ne5 Nxe5 17. dxe5 Rd8 18.
Rxe7+ Kxe7 19. exf6+ gxf6 20. Qe3 Rhe8 21. Rb2 Kf8 22. Rb7 Bg6 23. Rxa7 Qf5 24. Bd3 Qh3 25.
Bh6+ Kg8 26. Qf4 e5 27. Qe3 e4 28. Bf1 Qh5 29. a4 Bf5 30. a5 Bh3 31. Be2 Qg6 32. a6 Rb8 33. Rb7 Ra8 34. a7 Bc8 35. Rc7 Bf5 36.
Bc4 Red8 37. Kg2 Be6 38. Bxe6 fxe6 39. Nxe4 f5 40. Rg7+ Qxg7 41. Bxg7 Kxg7 42. Qg5+ Kf7 43. Qf6+ 1-0

[Event "Late-Titled-Tuesday-Blitz-September-12-2023"]
[Site "Chess.com"]
[Date "2023.09.12"]
[Round "7"]
[White "ZuraTqebuchava"]
[Black "only_strong_moves"]
[Result "0-1"]
[WhiteElo "2270"]
[BlackElo "2499"]
[TimeControl "180+1"]
[EndTime "15:14:15 PDT"]
[Termination "only_strong_moves won on time"]

1. e4 e6 2. d3 d5 3. Nd2 Nc6 4. Ngf3 Nf6 5. g3 dxe4 6. dxe4 e5 7. Bg2 Be6 8. O-O Qd7 9. Qe2 O-O-O 10. Nc4 Nd4 11. Nxd4 Qxd4 12. Ne3 Qc5 13. Rd1 Be7 14. b3 Rxd1+ 15. Nxd1 Bg4 16. Bf3 Bxf3 17. Qxf3 Qxc2 18. Bg5 Rd8 19. Bxf6 Bxf6 20. Ne3 Qc3 21. Rf1 Kb8 22. Qf5 c6 23. h4 Qc5 24. Ng4 Rd6 25. Qf3 h5 26. Ne3 g6 27. Rd1 Rxd1+ 28. Qxd1 Qd4 29. Qf3 Qd8 30. Qe2 Be7 31. Qf3 f6 32. Kg2 Qd4 33. Kg1 Qa1+ 34. Kg2 Qxa2 35. Qd1 Kc7 36. Qd3 Qa5 37.
Qc4 f5 38. Qe6 Qc5 39. Qxg6 fxe4 40. Qxe4 a5 41. Qf5 b5 42. Qxh5 a4 43. bxa4 bxa4 44.
Qf7 a3 45. Nf5 Qd5+ 46. Kh2 Qxf7 0-1

[Event "Late-Titled-Tuesday-Blitz-September-12-2023"]
[Site "Chess.com"]
[Date "2023.09.12"]
[Round "7"]
[White "mishanick"]
[Black "jcibarra"]
[Result "1/2-1/2"]
[WhiteElo "3068"]
[BlackElo "2947"]
[TimeControl "180+1"]
[EndTime "15:14:18 PDT"]
[Termination "Game drawn - insufficient material"]

1. d4 Nf6 2. c4 d6 3. Nc3 e5 4. Nf3 e4 5. Ng5 Qe7 6. Qc2 Bf5 7. g4 Bg6 8. Bg2 Nc6 9. Nd5 Nxd4 10. Qc3 Nxd5 11. cxd5 c5 12. dxc6 Nxc6 13. Qc4 O-O-O 14. Bxe4 d5 15. Bxd5 Qd7 16. e4 Bb4+ 17. Kf1 Bxe4 18.
Qxe4 Qxd5 19. Qxd5 Rxd5 20. Be3 h6 21. Nf3 Bc5 22.
Ke2 Re8 23. Rhd1 Rxd1 24. Rxd1 Bxe3 25. fxe3 Ne5 26. h3 Nxf3 27. Kxf3 Kc7 28. Kf4 Re6 29.
e4 Rf6+ 30. Ke3 Ra6 31. a3 Rb6 32. b4 a5 33. bxa5 Rb5 34. Rd5 Rb3+ 35. Rd3 Rb5 36. Kf4 Rxa5 37. e5 g6 38. h4 Ra4+ 39. Kf3 h5 40.
gxh5 gxh5 41. Rd6 Rxh4 42. Rf6 Kd7 43. Rxf7+ Ke6 44. Rxb7 Kxe5 45. Rb5+ Kd6 46. Ra5 Kc6 47. Ra6+ Kb5 48. Rh6 Rh3+ 49. Kf4 Rxa3 50. Rxh5+ Kb6 51. Re5 Ra4+ 52. Re4 Rxe4+ 53. Kxe4 1/2-1/2

[Event "Late-Titled-Tuesday-Blitz-September-12-2023"]
[Site "Chess.com"]
[Date "2023.09.12"]
[Round "7"]
[White "Qvalda"]
[Black "OYAcosta"]
[Result "1/2-1/2"]
[WhiteElo "2356"]
[BlackElo "2230"]
[TimeControl "180+1"]
[EndTime "15:14:19 PDT"]
[Termination "Game drawn by repetition"]

1. Nf3 d5 2. e3 Nf6 3. b3 Bf5 4. Bb2 e6 5. Nh4 Bg4 6. Be2 Bxe2 7. Qxe2 Nbd7 8. O-O Bd6 9. c4 c6 10. Nf3 O-O 11. Nc3 Qe7 12. d3 e5 13. cxd5 cxd5 14.
Nb5 Bb8 15. Ba3 Qe8 16. Bxf8 Nxf8 17. a4 e4 18. Nfd4 a6 19. Nc3 Qe5 20. g3 h5 21.
dxe4 dxe4 22. a5 h4 23. Ra4 Bd6 24. Rc4 Ng6 25. Rd1 hxg3 26. hxg3 Rd8 27. Qf1 Qg5 28. Qh3 Ne5 29. Ra4 Neg4 30. Nde2 Bc7 31. Rxd8+ Bxd8 32. Nxe4 Nxe4 33. Rxe4 f5 34. Rd4 Bf6 35. Rd5 Nxe3 36.
fxe3 Qxe3+ 37. Kf1 Qf3+ 38. Ke1 Qxd5 39. Qh5 Qe4 40. Qg6 Bc3+ 41. Kf2 Bd4+ 42. Nxd4 Qxd4+ 43. Kf3 Qd3+ 44. Kf2 Qxb3 45. Qe8+ Kh7 46. Qh5+ Kg8 47. Qe8+ Kh7 48. Qh5+ Kg8 49. Qe8+ 1/2-1/2

[Event "Late-Titled-Tuesday-Blitz-September-12-2023"]
[Site "Chess.com"]
[Date "2023.09.12"]
[Round "7"]
[White "sergiochess83"]
[Black "Abund"]
[Result "1-0"]
[WhiteElo "2920"]
[BlackElo "2739"]
[TimeControl "180+1"]
[EndTime "15:14:22 PDT"]
[Termination "sergiochess83 won by resignation"]

1. d4 Nf6 2. c4 e6 3. Nc3 Bb4 4.
e3 O-O 5. Bd3 d5 6. Ne2 dxc4 7.
Bxc4 c5 8. a3 Bxc3+ 9. bxc3 Qc7 10. Bd3 b6 11. O-O Bb7 12. Ng3 Nc6 13. Bb2 Rfd8 14.
Qe2 e5 15. dxc5 bxc5 16. c4 Rd6 17. Ne4 Nxe4 18. Bxe4 f6 19. Qc2 h6 20. Rab1 Rb8 21.
Bd5+ Kh8 22. Bc3 Ne7 23. e4 Nc6 24. Qa4 Nd8 25. Ba5 Qd7 26. Qxd7 Rxd7 27. Rb5 a6 28.
Rb3 Rc8 29. Bxd8 Rcxd8 30. Rxb7 Rxb7 31. Bxb7 Rd3 32. Bxa6 Rxa3 33. Bb7 Ra2 34. Bd5 Rc2 35. h3 Kh7 36. g3 Kg6 37. Kg2 h5 38. h4 Kh6 39.
Rb1 Ra2 40. Rb8 Kg6 41. Be6 Ra6 42. Bf5+ Kf7 43. Rb7+ Kf8 44. Bg6 Ra8 45. Bxh5 Ra4 46. Bf7 Ra2 47. Bd5 Rb2 48. Rf7+ Ke8 49. Rxg7 Rb7 50.
Rxb7 1-0

[Event "Late-Titled-Tuesday-Blitz-September-12-2023"]
[Site "Chess.com"]
[Date "2023.09.12"]
[Round "7"]
[White "seramoral"]
[Black "rasmussvane"]
[Result "1/2-1/2"]
[WhiteElo "2665"]
[BlackElo "2999"]
[TimeControl "180+1"]
[EndTime "15:14:24 PDT"]
[Termination "Game drawn by repetition"]

1. e4 c6 2. d4 d5 3. exd5 cxd5 4.
c4 Nf6 5. Nc3 Nc6 6. Bg5 dxc4 7.
Bxc4 h6 8. Bxf6 exf6 9. Nge2 Bd6 10. O-O O-O 11. h3 Bf5 12. Bd3 Qd7 13. a3 Rac8 14. Qc2 Bxd3 15. Qxd3 Rfd8 16. Rad1 Bc7 17. Rfe1 Bb6 18.
d5 Ne5 19. Qg3 Qf5 20. Nd4 Qg5 21. Qxg5 hxg5 22. Nf5 Kf8 23. Re2 g6 24. Ng3 Nc4 25.
Rd3 f5 26. Nf1 Re8 27. Rxe8+ Rxe8 28. Na4 Re2 29. Nxb6 axb6 30. b4 Ke7 31. Rc3 b5 32.
a4 Kd6 33. axb5 Kxd5 34. Rd3+ Ke6 35. Rc3 Nd6 36. Rc7 Re5 37. Ne3 Rxb5 38. Nc4 Nxc4 39.
Rxc4 Kd6 40. h4 gxh4 41. Rxh4 Kd5 42. Rh7 Rxb4 43. Rxf7 Rb6 44. Kh2 Ke6 45. Rg7 Kf6 46. Rc7 Ke5 47. Kg3 Rb3+ 48. f3 b5 49. Rc6 g5 50.
Rb6 Rb2 51. Rb8 f4+ 52. Kh3 b4 53. Rb6 b3 54. Rb5+ Kd4 55. Rb8 Rd2 56. Rxb3 Ke5 57.
Rb5+ Kf6 58. Rb6+ Kf5 59. Rb5+ Kg6 60. Rb6+ Kh5 61. Rb8 Rd3 62. Rh8+ Kg6 63. Rg8+ Kh5 64. Rh8+ Kg6 65. Rg8+ Kh5 66. Rh8+ 1/2-1/2

[Event "Late-Titled-Tuesday-Blitz-September-12-2023"]
[Site "Chess.com"]
[Date "2023.09.12"]
[Round "7"]
[White "GAO"]
[Black "Ducke13"]
[Result "0-1"]
[WhiteElo "2346"]
[BlackElo "2511"]
[TimeControl "180+1"]
[EndTime "15:14:26 PDT"]
[Termination "Ducke13 won on time"]

1. Nf3 Nf6 2. d4 g6 3. c4 Bg7 4. Nc3 d5 5. cxd5 Nxd5 6. e3 O-O 7. Bc4 Nxc3 8. bxc3 c5 9. O-O Qc7 10. Be2 Nc6 11. Ba3 b6 12. dxc5 Bb7 13. Nd4 Ne5 14. cxb6 axb6 15. Bb4 Rfd8 16. Qb3 Bd5 17. Qb2 Nc4 18.
Bxc4 Bxc4 19. Rfd1 b5 20. a3 h5 21. Rd2 e5 22.
Nf3 Rxd2 23. Nxd2 Rd8 24. Nxc4 Qxc4 25. g3 h4 26. gxh4 Rd3 27. Qe2 e4 28. Rd1 Qd5 29.
Rxd3 exd3 30. Qd1 Bf6 31. h5 gxh5 32. Ba5 d2 33. c4 bxc4 34. Qxd2 Qxd2 35. Bxd2 Bb2 36.
Kf1 c3 37. Bxc3 Bxc3 38. Ke2 Kg7 39. Kd3 Be1 40. Ke2 Ba5 41. f4 Kf6 42. e4 Ke6 43.
Kf3 Kd6 44. Ke3 Kc5 45. e5 Kd5 46. Kd3 Bb6 47. h3 Ke6 48. Ke4 Ba5 49. f5+ Ke7 50. Kd5 Be1 51. a4 Bd2 0-1

[Event "Late-Titled-Tuesday-Blitz-September-12-2023"]
[Site "Chess.com"]
[Date "2023.09.12"]
[Round "7"]
[White "SCIM"]
[Black "MightyGMpretender"]
[Result "0-1"]
[WhiteElo "2585"]
[BlackElo "2736"]
[TimeControl "180+1"]
[EndTime "15:14:27 PDT"]
[Termination "MightyGMpretender won on time"]

1. d4 Nf6 2. c4 e6 3. Nc3 d5 4. cxd5 exd5 5. Bg5 c6 6. Qc2 Be6 7. e3 Nbd7 8. Bd3 h6 9. Bh4 g5 10. Bg3 Nh5 11. Nge2 Nxg3 12. Nxg3 h5 13. Nf5 h4 14. h3 Qa5 15. O-O Qd8 16. a3 Rg8 17. f3 a5 18.
Rab1 Rg6 19. Rbe1 Rf6 20. e4 Bxf5 21. exf5+ Be7 22. Rf2 Kf8 23. Rfe2 Bd6 24. Na4 Rh6 25. Nc5 Rb8 26. Re8+ Qxe8 27. Rxe8+ Kxe8 28. Qe2+ Kd8 29. Qd2 Bf4 30. Qc3 b6 31. Na6 Ra8 32. b4 b5 33.
Nc5 axb4 34. axb4 Bd6 35. Nb7+ Kc7 36. Nxd6 Rxd6 37. Kf2 Nb6 38. Qe1 Kd7 39. f6 Re8 40.
Bf5+ Kd8 41. Qd2 Rxf6 42. Qxg5 Ke7 43. Qxh4 Nc4 44. Bd3 Ra8 45. Qg5 Ra2+ 46. Kg3 Ra3 47. Bxc4 bxc4 48. Qe5+ Re6 49. Qc7+ Kf6 50. Qf4+ Kg7 51.
h4 Rg6+ 52. Kh2 Ra2 53. h5 Rgxg2+ 54. Kh3 Rh2+ 0-1

[Event "Late-Titled-Tuesday-Blitz-September-12-2023"]
[Site "Chess.com"]
[Date "2023.09.12"]
[Round "7"]
[White "NovikovaGalina"]
[Black "egnfanclub"]
[Result "0-1"]
[WhiteElo "2420"]
[BlackElo "2332"]
[TimeControl "180+1"]
[EndTime "15:14:32 PDT"]
[Termination "egnfanclub won by checkmate"]

1. e4 e5 2. Nf3 Nc6 3. Bc4 Nf6 4. Ng5 d5 5. exd5 Nd4 6. c3 b5 7. cxd4 bxc4 8. dxe5 Qxd5 9. O-O Bb7 10. Nf3 Ng4 11.
Nc3 Qc6 12. Qa4 Qxa4 13. Nxa4 O-O-O 14. Ng5 Nxe5 15. b3 h6 16. Nh3 cxb3 17. axb3 Bb4 18. Ba3 Bxa3 19. Rxa3 Rxd2 20. Nc5 Rc2 21. Nxb7 Kxb7 22.
Rfa1 Nc6 23. Nf4 Rd8 24. g3 a5 25. Nh5 Rdd2 26. Rf1 g6 27. Nf6 Nd4 28. Rxa5 Kb6 29. Ra3 c6 30. Nd7+ Kc7 31. Ne5 Rb2 32. Nc4 Rxb3 33.
Rxb3 Nxb3 34. Nxd2 Nxd2 35. Ra1 f5 36. Ra7+ Kd6 37.
Rg7 g5 38. Rg6+ Kd5 39. Rxh6 c5 40. Rh8 Ke4 41. h4 gxh4 42. gxh4 c4 43. h5 c3 44. Rc8 Kd3 45. h6 Nc4 46. h7 c2 47. h8=Q c1=Q+ 48. Kh2 Qf4+ 49. Kh3 Qg4+ 50. Kh2 Qf4+ 51. Kg1 Qg4+ 52. Kh1 Qf3+ 53. Kh2 Qxf2+ 54. Kh3 Qf3+ 55.
Kh2 Qg4 56. Rd8+ Ke2 57. Qe8+ Ne3 58. Rd7 Qg2# 0-1

[Event "Late-Titled-Tuesday-Blitz-September-12-2023"]
[Site "Chess.com"]
[Date "2023.09.12"]
[Round "7"]
[White "zeitnot2006"]
[Black "vugarrasulov"]
[Result "1-0"]
[WhiteElo "2766"]
[BlackElo "2931"]
[TimeControl "180+1"]
[EndTime "15:14:35 PDT"]
[Termination "zeitnot2006 won by checkmate"]

1. e4 c5 2. Nf3 Nc6 3. Bc4 e6 4. O-O d6 5. c3 Nf6 6. Re1 Be7 7. d4 cxd4 8. cxd4 d5 9. exd5 exd5 10. Bd3 O-O 11. h3 Nb4 12. Nc3 Nxd3 13. Qxd3 h6 14. Bf4 Be6 15. Rac1 Rc8 16. Qb5 Qb6 17. Qxb6 axb6 18.
Nb5 Ne4 19. a3 g5 20. Bh2 f6 21. Rc7 Rxc7 22. Nxc7 Bf7 23. Nd2 Nxd2 24. Rxe7 Rc8 25. Bg3 Nb3 26. Rd7 Nxd4 27. Nxd5 Bxd5 28. Rxd5 Ne2+ 29. Kh2 Rc2 30. Rb5 Rc6 31. Rd5 Rc2 32. Rb5 Kf7 33. Rxb6 h5 34. Rxb7+ Kg6 35. h4 Rc4 36. hxg5 fxg5 37. Re7 Rc2 38. b4 h4 39. Bc7 Nc1 40. b5 Rxf2 41. b6 Rb2 42. Re4 Nd3 43. Rd4 Ne1 44. Rb4 Rxg2+ 45. Kh1 h3 46. Rb3 Rf2 47.
b7 g4 48. b8=Q Rf1+ 49. Kh2 Rf2+ 50. Kg3 Rg2+ 51. Kf4 h2 52. Qg8+ Kf6 53. Rb6+ Ke7 54. Qe6+ Kf8 55. Bd6+ Kg7 56. Rb7+ Kh8 57. Qe8# 1-0

[Event "Late-Titled-Tuesday-Blitz-September-12-2023"]
[Site "Chess.com"]
[Date "2023.09.12"]
[Round "7"]
[White "ManuMunoz01"]
[Black "PNEPaul"]
[Result "1/2-1/2"]
[WhiteElo "2243"]
[BlackElo "1912"]
[TimeControl "180+1"]
[EndTime "15:14:39 PDT"]
[Termination "Game drawn - insufficient material"]

1. b3 Nf6 2. Bb2 g6 3. d3 Bg7 4. Nd2 O-O 5. Rb1 Nc6 6. g3 d5 7. Bg2 e5 8. e3 Bd7 9. Ne2 Qc8 10. O-O Bh3 11. c4 Bxg2 12. Kxg2 Qd8 13. Nf3 Re8 14.
cxd5 Qxd5 15. e4 Qd7 16. Qd2 Rad8 17. Rfd1 h6 18. a3 Qe6 19. Qc2 Nh5 20. h3 f5 21.
Qc4 fxe4 22. dxe4 Qxc4 23. bxc4 Rxd1 24. Rxd1 Nf6 25. Nc3 Nd4 26. Nd5 c6 27. Nxf6+ Bxf6 28. Bxd4 exd4 29. e5 Bxe5 30. Re1 d3 31. Rd1 Kf7 32.
Rxd3 Bf6 33. Rd7+ Re7 34. Rd3 Re8 35. Nd2 Re7 36. Kf3 Ke6 37. Re3+ Kd7 38. Rxe7+ Bxe7 39. a4 Bb4 40. Nb3 a6 41. Ke4 b5 42. cxb5 cxb5 43. axb5 axb5 44. Nd4 Be1 45. Nxb5 Bxf2 46. g4 h5 47.
gxh5 gxh5 48. Kf5 h4 49. Nc3 Ke7 50. Ne4 Be1 51. Ng5 Kf8 52. Nf3 Bg3 53. Ng5 Kg7 54. Nf3 Bf2 55. Kg4 Bg3 56. Nxh4 Bxh4 57. Kxh4 Kh8 58.
Kg5 Kh7 59. h4 Kh8 60. h5 Kh7 61. h6 Kh8 62. h7 Kxh7 1/2-1/2

[Event "Late-Titled-Tuesday-Blitz-September-12-2023"]
[Site "Chess.com"]
[Date "2023.09.12"]
[Round "7"]
[White "IMRosen"]
[Black "leoduarte"]
[Result "1-0"]
[WhiteElo "2605"]
[BlackElo "2450"]
[TimeControl "180+1"]
[EndTime "15:14:42 PDT"]
[Termination "IMRosen won on time"]

1. e4 e5 2. Nf3 Nc6 3. c3 d5 4. Qa4 dxe4 5. Nxe5 Qd5 6. Nxc6 bxc6 7. Bc4 Qd7 8. O-O Nf6 9. Re1 Be7 10. d3 exd3 11. Bxd3 O-O 12. Bc2 Re8 13. Bf4 Nd5 14. Bg3 c5 15.
Nd2 g6 16. Rad1 Nb6 17. Qxd7 Bxd7 18. Bxc7 Rac8 19. Bg3 Bg4 20. f3 Be6 21. Ne4 Nd5 22. Bd6 h5 23. Bxe7 Rxe7 24. Rxd5 Bxd5 25. Nf6+ Kf8 26.
Rxe7 Kxe7 27. Nxd5+ Kd6 28. c4 Rb8 29. b3 Re8 30. Kf2 Re5 31. Nc3 Re8 32. Ne4+ Kc6 33. Nf6 Re6 34. Nd5 Rd6 35. f4 a6 36. Be4 Kd7 37.
Ke3 f5 38. Bf3 Re6+ 39. Kd2 Kd6 40. Ne3 Kd7 41. Bd5 Re8 42. Nd1 Kd6 43. Nf2 Rd8 44. h4 Re8 45. Nd3 Rd8 46. Ne5 Rb8 47. Nxg6 a5 48. Ne5 a4 49. Kc3 axb3 50. axb3 Rb6 51. Bf7 Ra6 52. Bxh5 Ra2 53. Bf3 Ra1 54. h5 Rh1 55. Nd3 Rh4 56. b4 cxb4+ 57. Kxb4 Rh1 58. c5+ Kc7 59. Kc4 Rh4 60. Kd5 Rh1 61. c6 Ra1 62.
Nc5 Ra8 63. Ne6+ Kb6 64. c7 Rc8 65. Kd6 Ka7 66. Kd7 1-0

[Event "Late-Titled-Tuesday-Blitz-September-12-2023"]
[Site "Chess.com"]
[Date "2023.09.12"]
[Round "7"]
[White "Ali_rastbod"]
[Black "The_Straightforward_Rook"]
[Result "1-0"]
[WhiteElo "2714"]
[BlackElo "2541"]
[TimeControl "180+1"]
[EndTime "15:14:43 PDT"]
[Termination "Ali_rastbod won by resignation"]

1. e4 e5 2. f3 Nc6 3. Nh3 Bc5 4. Nc3 d6 5. Nf2 Nf6 6. Na4 a5 7. Nxc5 dxc5 8. Bb5 Bd7 9. O-O O-O 10. c3 h6 11.
Qe2 Qe7 12. d3 Rad8 13. a4 Rfe8 14. Be3 Qd6 15. Rfd1 Ne7 16. d4 Bxb5 17. Qxb5 cxd4 18.
cxd4 exd4 19. Rxd4 Qe6 20. Rxd8 Rxd8 21. Qxb7 Ned5 22.
Bd2 Nb6 23. Bxa5 Nc4 24. Qxc7 Rc8 25. Qa7 Nxb2 26. Qd4 Nc4 27. Bc3 Ne8 28. a5 Ra8 29. Nd3 f6 30. Nf4 Qf7 31. Nd5 Ne5 32. a6 Nd6 33.
Nxf6+ Qxf6 34. Qxe5 Qxe5 35. Bxe5 Nb5 36. Ra5 Na7 37.
Rc5 Kf7 38. Rc7+ Ke6 39. Bxg7 Nb5 40. Rc6+ Kd7 41. Rxh6 Nc7 42. Be5 Nxa6 43. g4 Nb4 44. h4 Nd3 45. Bg3 Ke7 46. Kf1 Kf7 47. Ke2 Nc5 48.
Rc6 Ne6 49. Rxe6 Kxe6 50. Bf4 Ra2+ 51. Ke3 Ra3+ 52. Kf2 Ra2+ 53. Kg3 Ra3 54. h5 Kf6 55. g5+ Kg7 56. Kg4 Kh7 57. Be5 Kg8 58. g6 Ra1 59. h6 Rg1+ 60. Kf5 Rh1 61. h7+ Rxh7 62. gxh7+ Kxh7 63. Ke6 Kg6 64. f4 1-0